AoeStats
← whosyourmama

Hideout

507940073Analyzed
1v1 RM · 13d ago on Sep 20, 2026· 58m 56s· 2 players
Game mode
Random Map
Map size
Tiny (2 player)
Population
200
Speed
Normal
Resources
Standard
Victory
Conquest
Starting age
Dark Age
Ending age
Imperial Age
RankedLock teamsTeams togetherTeam positionsShared explorationLock speedFull tech treeHidden civsTurbo modeCheats
Victory
Defeat
🇭🇰 Persians · Hong Kong SAR China
1391
+20
🇹🇷 Italians · Türkiye
1490
-20
whosyourmama
0:38 Loom
9:22 Feudal Age
14:28 Castle Age
13:29 Double-Bit Axe
13:29 Horse Collar
15:37 Wheelbarrow
19:40 Fletching
19:50 Padded Archer Armor
20:19 Bow Saw
20:29 Heavy Plow
20:31 Elite Skirmisher
22:20 Bodkin Arrow
28:02 Hand Cart
32:21 Imperial Age
30:20 Scale Barding Armor
30:26 Forging
30:27 Stone Mining
30:27 Gold Mining
30:34 Gold Mining
30:30 Town Watch
31:15 Leather Archer Armor
31:43 Chain Barding Armor
31:35 Bloodlines
32:29 Gold Shaft Mining
31:58 Husbandry
32:48 Iron Casting
33:55 Two-Man Saw
32:44 Cavalier
35:28 Plate Barding Armor
35:25 Ring Archer Armor
35:59 Conscription
35:43 Kamandaran
37:16 Blast Furnace
36:03 Savar
36:57 Kamandaran
36:37 Crossbowman
37:22 Thumb Ring
37:41 Ballistics
38:34 Ring Archer Armor
39:30 Thumb Ring
42:13 Stone Shaft Mining
44:51 Chemistry
44:21 Light Cavalry
58:48 Crop Rotation
ayz1912
7:03 Loom
10:22 Feudal Age
14:10 Castle Age
13:24 Double-Bit Axe
13:55 Horse Collar
19:37 Fletching
21:02 Wheelbarrow
21:55 Bodkin Arrow
22:41 Bow Saw
28:50 Imperial Age
27:01 Hand Cart
27:09 Heavy Plow
29:37 Scale Mail Armor
29:47 Forging
30:42 Two-Man Saw
31:58 Squires
31:45 Arson
33:16 Chain Mail Armor
33:36 Iron Casting
32:56 Town Watch
35:39 Plate Mail Armor
35:41 Ballistics
35:24 Stone Mining
35:27 Gold Mining
35:53 Bracer
39:13 Chemistry
39:55 Blast Furnace
39:53 Padded Archer Armor
42:20 Leather Archer Armor
43:46 Elite Genoese Crossbowman
45:40 Thumb Ring
46:39 Masonry
48:25 Architecture
50:25 Ring Archer Armor
Connection lost

Rejoining the realm…

Still unreachable

The connection could not be restored.

Session expired

The server has moved on; the page needs a fresh start.